AoeStats
← andonihc9

Arabia

510329770Analyzed
1v1 RM · 23h ago on Sep 30, 2026· 23m 58s· 2 players
Game mode
Random Map
Map size
Tiny (2 player)
Population
200
Speed
Normal
Resources
Standard
Victory
Conquest
Starting age
Dark Age
Ending age
Imperial Age
RankedLock teamsTeams togetherTeam positionsShared explorationLock speedFull tech treeHidden civsTurbo modeCheats
Victory
Defeat
🇺🇸 Japanese · United States
755
+16
🇲🇽 Byzantines · Mexico
765
-26
Zaknafein615
6:38 Loom
9:46 Feudal Age
10:27 Double-Bit Axe
10:11 Man-at-Arms
14:11 Fletching
21:10 Castle Age
19:01 Horse Collar
21:18 Crossbowman
22:04 Bodkin Arrow
andonihc9
7:43 Loom
10:25 Feudal Age
11:23 Double-Bit Axe
12:35 Man-at-Arms
17:10 Fletching
19:24 Horse Collar
Connection lost

Rejoining the realm…

Still unreachable

The connection could not be restored.

Session expired

The server has moved on; the page needs a fresh start.